 Dungeon Crawl Stone Soup version 0.20.0-15-g7f486f2 (webtiles) character file.

75 Zachthehappycat the Grave Robber (level 4, -1/30 HPs)
             Began as a Mummy Necromancer on June 29, 2017.
             Slain by a hound (4 damage)
             ... on level 2 of the Dungeon.
             The game lasted 00:07:59 (2755 turns).

Zachthehappycat the Grave Robber (MuNe)             Turns: 2755, Time: 00:08:00

Health: -1/30      AC:  8    Str: 11    XL:     4   Next: 11%
Magic:  8/8        EV:  2    Int: 14    God:
Gold:   126        SH:  7    Dex: 13    Spells: 7/8 levels left

rFire    x . .     SeeInvis .   d - +1 hand axe (distort)
rCold    + . .     Gourm    .   g - +0 shield
rNeg     + + +     Faith    .   k - +0 chain mail
rPois    ∞         Spirit   .   (no helmet)
rElec    .         Reflect  .   (no cloak)
rCorr    .         Harm     .   (no gloves)
MR       .....                  (no boots)
Stlth    ..........             (no amulet)
Regen    0.1/turn               (no ring)
MPRegen  0.2/turn               (no ring)

@: no status effects
A: no food or potions, fire vulnerability, cold resistance 1, negative energy
resistance 3, torment resistance, unbreathing
a: no special abilities


You were on level 2 of the Dungeon.
You were not hungry.

You visited 1 branch of the dungeon, and saw 2 of its levels.

You collected 126 gold pieces.

Inventory:

Hand Weapons
 d - a +1 hand axe of distortion (weapon)
Missiles
 c - 22 arrows
 e - 60 stones (quivered)
 f - 37 sling bullets
Armour
 g - a +0 shield (worn)
 k - a +0 chain mail (worn)
Scrolls
 a - a scroll of recharging {unknown}
 i - a scroll of identify {unknown}
 j - a scroll of remove curse
Books
 b - a book of Necromancy

   Spells                             Type                      Level
   a - Pain                           Necromancy                   1
   b - Animate Skeleton               Necromancy                   1
   c - Vampiric Draining              Necromancy                   3
   d - Regeneration                   Charms/Necromancy            3
   e - Animate Dead                   Necromancy                   4
   f - Control Undead                 Necromancy                   4


   Skills:
 + Level 1.2 Axes
 + Level 0.8 Armour
 + Level 2.1 Dodging
 + Level 1.5 Stealth
 + Level 0.5 Shields
 + Level 2.9 Spellcasting
 + Level 4.5 Necromancy


You had 7 spell levels left.
You knew the following spells:

 Your Spells              Type           Power        Failure   Level  Hunger
a - Pain                  Necr           ##..         100%        1    N/A

Dungeon Overview and Level Annotations

Branches:
Dungeon (2/15)

Altars:
Gozag
Nemelex Xobeh
Trog

Annotations:
D:2 1 transporter


Innate Abilities, Weirdness & Mutations

You do not eat or drink.
Your flesh is vulnerable to fire.
You are immune to poison.
Your flesh is cold resistant. (rC+)
You are immune to negative energy. (rN+++)
You are immune to unholy pain and torment.
You can survive without breathing.


Message History

The bullfrog hits you. You block the hound's attack. The bullfrog hits you.
The hound bites you but does no damage. The bullfrog hits you. x2
* * * LOW HITPOINT WARNING * * *
You see here a worm corpse.
You block the hound's attack.
The bullfrog hits you but does no damage.
The hound barely misses you.
You closely miss the hound.
Your shield and chain mail prevent you from hitting the bullfrog.
You block the bullfrog's attack. The hound bites you but does no damage.
The bullfrog hits you.
* * * LOW HITPOINT WARNING * * *
The hound bites you.
* * * LOW HITPOINT WARNING * * *
As you read the scroll labeled POPISIU IGGOUPNUOC, it crumbles to dust.
You feel blessed for a moment.
It was a scroll of remove curse.
The bullfrog hits you but does no damage.
The hound bites you.
You die...

###..#....##8$___$8##.# #.##.####
#..#.##.#..%?$=$..#.# #.#....).
#..#.##.#..#...#..#.# #....####
###..#....#.#.....#.#.# ###.##
#....#....#........©#.# #.#
#.##'##.[.#.#.....#.#.# #.#####
..........#..#...#..#.## #.....#
.......##.#....F†...#..########.#
..........##8..h@.8##.......# #..
......###..#########........#####
......# ##.....©............'....
......########...#####.†....#####
......'.....##..##..........#
......#####.##.###..........# ###
......# #.##.# #..........# #..
......# ##'##'###..........###..
......# #......##..........##...


You could see a bullfrog and a hound.

Vanquished Creatures
  An adder (D:2)
  2 worms (D:2)
  2 dart slugs
  2 leopard geckos (D:1)
  3 giant cockroaches
  3 goblins
  10 hobgoblins
  6 jackals (D:2)
  2 kobolds (D:1)
  A quokka (D:2)
  7 bats
  A frilled lizard (D:2)
  6 rats
46 creatures vanquished.

Vanquished Creatures (others)
  A hobgoblin (D:1)
  2 jackals (D:2)
3 creatures vanquished.

Grand Total: 49 creatures vanquished

Notes
Turn   | Place    | Note
-------+----------+-------------------------------------------
     0 | D:1      | Zachthehappycat the Mummy Necromancer began the quest for the Orb.
     0 | D:1      | Reached XP level 1. HP: 13/13 MP: 4/4
   481 | D:1      | Reached XP level 2. HP: 12/19 MP: 5/5
  1461 | D:1      | Reached XP level 3. HP: 24/24 MP: 7/7
  1761 | D:2      | Reached skill level 1 in Axes
  1861 | D:2      | Found a transporter.
  1865 | D:2      | Found a transporter.
  1869 | D:2      | Noticed a bullfrog
  2048 | D:2      | Found an opulent altar of Gozag.
  2048 | D:2      | Found a sparkling altar of Nemelex Xobeh.
  2048 | D:2      | Found a bloodstained altar of Trog.
  2142 | D:2      | Reached XP level 4. HP: 29/30 MP: 8/8
  2755 | D:2      | Slain by a hound

Skill      XL: |  1  2  3 |
---------------+----------+-----
Axes           | 1 |  1.2
Dodging        | 2 |  2.1
Armour         | |  0.8
Stealth        | |  1.5
Shields        | |  0.5
Spellcasting   | |  2.9
Necromancy     | |  4.5

Action                   |  1- 3 |  4- 6 || total
-------------------------+-------+-------++-------
Melee: Hand axe          |   100 |    12 ||   112
Throw: Stone             |     2 |       ||     2
  Use: Scroll            |       |     1 ||     1
Armor: Ring mail         |    36 |       ||    36
       Robe              |     2 |       ||     2
       Chain mail        |    13 |    12 ||    25
Dodge: Dodged            |    40 |     2 ||    42
Block: Shield            |    36 |     6 ||    42
